 Dungeon Crawl Stone Soup version 0.26-a0-649-gf8c6c3aab7 (webtiles) character file.

Game seed: 6185670938708064407

839 Descartes the Conjurer (level 7, -13/36 HPs)
             Began as a Deep Elf Hedge Wizard on Sept 27, 2020.
             Was an Initiate of Vehumet.
             Shot with an arrow by a centaur (15 damage)
             ... on level 6 of the Dungeon.
             The game lasted 00:18:39 (6213 turns).

Descartes the Conjurer (Deep Elf Hedge Wizard)      Turns: 6213, Time: 00:18:39

Health: -13/36     AC:  3    Str:  7    XL:     7   Next: 67%
Magic:  16/16      EV: 15    Int: 21    God:    Vehumet [......]
Gold:   206        SH:  0    Dex: 14    Spells: 0/16 levels left

rFire    + . .     SeeInvis .   a - +0 dagger
rCold    . . .     Faith    .   (no shield)
rNeg     . . .     Spirit   .   b - +0 robe
rPois    .         Reflect  .   c - +0 hat
rElec    .         Harm     .   l - +0 cloak
rCorr    .         Rampage  .   (no gloves)
MR       +....                  (no boots)
Stlth    +++.......             d - amulet of magic regeneration
HPRegen  0.12/turn              E - ring of protection from magic
MPRegen  0.40/turn              n - ring of protection from fire

@: no status effects
A: no striking features
a: Renounce Religion


You were on level 6 of the Dungeon.
You worshipped Vehumet.
Vehumet was noncommittal.
You visited 2 branches of the dungeon, and saw 7 of its levels.

You collected 206 gold pieces.

Inventory:

Hand Weapons
 a - a +0 dagger (weapon)
 v - a +0 hunting sling
Missiles
 e - 192 stones (quivered)
 i - 38 arrows
 s - 10 javelins
 A - 5 boomerangs
 H - 17 poisoned darts
Armour
 b - a +0 robe (worn)
 c - a +0 hat (worn)
 l - a +0 cloak (worn)
Jewellery
 d - an amulet of magic regeneration (around neck)
 j - an uncursed ring of fire
 n - a ring of protection from fire (right hand)
 D - an uncursed ring of wizardry
 E - a ring of protection from magic (left hand)
 J - the amulet of Gipsauh {Inacc Int+4, unknown}
   (You found it on level 5 of the Dungeon)

   [amulet of inaccuracy]

   It reduces the accuracy of all your attacks.
   It affects your intelligence (+4).
Wands
 F - a wand of flame (6)
 I - a wand of iceblast (5)
Scrolls
 f - 5 scrolls of identify
 g - 2 scrolls of remove curse
 q - a scroll of magic mapping
 t - a scroll of noise {unknown}
 u - 2 scrolls of teleportation
 w - a scroll of blinking {unknown}
 y - a scroll of enchant weapon {unknown}
 C - 4 scrolls of fog
 G - a scroll of amnesia {unknown}
Potions
 h - a potion of ambrosia {unknown}
 k - 2 potions of lignification
 m - a potion of magic {unknown}
 o - 3 potions of brilliance {unknown}
 p - a potion of degeneration {unknown}
 r - a potion of curing {unknown}
 x - a potion of berserk rage {unknown}
 z - a potion of might {unknown}
 B - a potion of mutation {unknown}


   Skills:
 - Level 5.0 Dodging
 - Level 5.0 Stealth
 - Level 5.0 Spellcasting
 + Level 6.4 Conjurations
 + Level 1.7 Hexes
   Level 1.1 Summonings
 - Level 3.0 Translocations
 + Level 1.4 Fire Magic


You couldn't memorise any spells.
You knew the following spells:

 Your Spells              Type           Power        Failure   Level
a - Magic Dart            Conj           ####         1%          1
b - Blink                 Tloc           N/A          4%          2
c - Conjure Flame         Conj/Fire      ###.....     6%          3
d - Mephitic Cloud        Conj/Pois/Air  ##......     14%         3
e - Confusing Touch       Hex            ##......     16%         3
f - Petrify               Tmut/Erth      #.......     71%         4

Your spell library contained the following spells:

 Spells                   Type           Power        Failure   Level
 Slow                     Hex            ##......     8%          2
 Gell's Gravitas          Tloc           ###.......   10%         3
 Call Imp                 Summ           #.......     11%         2
 Metabolic Englaciation   Hex/Ice        #.........   91%         5
 Yara's Violent Unravell  Hex/Tmut       #.........   91%         5


Dungeon Overview and Level Annotations

Branches:
Dungeon (6/15)             Temple (1/1) D:4

Altars:
Ashenzari
Cheibriados
Elyvilon
Fedhas
Makhleb
Nemelex Xobeh
Okawaru
Qazlal
Sif Muna
Trog
Uskayaw
Vehumet
Wu Jian
Yredelemnul
Zin
The Shining One

Shops:
D:5 (

Annotations:
D:4 Dowan, Duvessa
D:6 Edmund, Eustachio


Message History

Edmund hits you with a +0 vorpal flail.
Casting: Magic Dart (safe; 1% risk of failure)
Confirm with . or Enter, or press ? or * to list all spells.
You blink.
You see here an iguana corpse.
A centaur comes into view.
A river rat comes into view.
The centaur wields a +0 shortbow.
The centaur shoots an arrow.
The arrow hits you.
You hear an angry hiss.
You see here an arrow.
Edmund barely misses you. Edmund barely misses you.
The centaur shoots an arrow.
The arrow hits you!
* * * LOW HITPOINT WARNING * * *
The centaur shoots an arrow.
The arrow misses you.
Things that are here:
2 arrows; a golden potion The centaur shoots an arrow.
The arrow hits you!
You die...

,,* *,* *,,,*
******,**********,,**
,,,,,..,,,,,,,,,,,**
**,***S.********,**
*,,***.##* *#,# **,,**,..*
##..######## ****.***#.#*
#..##......#
,,**..###..###.###......#
,,,,.....<$.....@(@.....#
***,........##.###..c...#
**########....).....†..(#
,,.####* #.....########.#
##.....###.....# #.#
...............#* #.#
.........#......#* #c#*
............###..#****#..*
§...#########**###*≈≈,...*


You could see Edmund and a centaur.

Vanquished Creatures
  2 ogres (D:4)
  A centaur (D:5)
  2 scorpions
  2 bullfrog skeletons (D:5)
  2 iguanas
  Ijyb (D:4)
  A worker ant (D:4)
  A hound skeleton (D:5)
  A worker ant zombie (D:5)
  A gnoll (D:1)
  10 adders
  2 white imps
  An ufetubus (D:5)
  An ooze (D:3)
  An adder zombie (D:5)
  2 adder skeletons
  A worm (D:3)
  3 dart slugs
  A leopard gecko (D:5)
  7 orcs
  18 bats
  2 giant cockroaches
  10 goblins
  9 hobgoblins
  4 jackals (D:5)
  7 quokkas
  A ball python (D:3)
  4 frilled lizards
  A jackal zombie (D:5)
  8 kobolds
  4 rats
111 creatures vanquished.

Vanquished Creatures (others)
  An ice beast (D:5)
1 creature vanquished.

Grand Total: 112 creatures vanquished

Notes
Turn   | Place    | Note
-------+----------+-------------------------------------------
     0 | D:1      | Descartes the Deep Elf Hedge Wizard began the quest for the
                  | Orb.
     0 | D:1      | Reached XP level 1. HP: 10/10 MP: 7/7
   161 | D:1      | Reached XP level 2. HP: 8/15 MP: 5/9
   462 | D:1      | Reached XP level 3. HP: 19/19 MP: 6/11
   607 | D:1      | Reached skill level 2 in Conjurations
   608 | D:1      | Reached skill level 5 in Spellcasting
  1258 | D:2      | Reached XP level 4. HP: 24/24 MP: 9/13
  1593 | D:2      | Learned a level 2 spell: Blink
  2083 | D:3      | Found a basalt altar of Yredelemnul.
  2147 | D:3      | Reached XP level 5. HP: 28/28 MP: 10/14
  2267 | D:3      | Learned a level 3 spell: Conjure Flame
  2271 | D:3      | Learned a level 3 spell: Mephitic Cloud
  2361 | D:2      | Reached skill level 3 in Conjurations
  2818 | D:4      | Noticed Duvessa
  2818 | D:4      | Noticed Dowan
  2942 | D:4      | Found a blossoming altar of Fedhas.
  3041 | D:4      | Noticed Ijyb
  3116 | D:4      | Killed Ijyb
  3306 | D:4      | Noticed an ogre
  3385 | D:4      | Killed an ogre
  3385 | D:4      | Reached XP level 6. HP: 15/32 MP: 7/15
  3610 | D:4      | Found a staircase to the Ecumenical Temple.
  3615 | Temple   | Entered the Ecumenical Temple
  3916 | D:4      | Reached skill level 5 in Stealth
  3916 | D:4      | Reached skill level 4 in Conjurations
  4252 | D:4      | Reached skill level 5 in Dodging
  5010 | D:5      | Entered Level 5 of the Dungeon
  5104 | D:5      | Noticed an ice beast
  5129 | D:5      | Found a radiant altar of Vehumet.
  5138 | D:5      | Became a worshipper of Vehumet
  5390 | D:5      | Reached XP level 7. HP: 36/36 MP: 10/16
  5528 | D:5      | Reached skill level 5 in Conjurations
  5742 | D:5      | Got a brightly glowing ivory amulet
  5778 | D:5      | Found Xuisotwa's Antique Weapon Boutique.
  5963 | D:5      | Reached skill level 6 in Conjurations
  5968 | D:5      | Learned a level 3 spell: Confusing Touch
  5973 | D:5      | Learned a level 4 spell: Petrify
  5989 | D:5      | Reached skill level 1 in Hexes
  5989 | D:5      | Reached skill level 1 in Fire Magic
  6175 | D:6      | Noticed Eustachio
  6192 | D:6      | Noticed Edmund
  6213 | D:6      | Shot with an arrow by a centaur

Illustrated notes

Levels and vault maps discovered:
D:1:      dpeg_arrival_tiny_a, layout_basic, kennysheep_decorative_pillar
D:2:      layout_loops_cross
D:3:      layout_loops_ring, lemuel_crystal_altar
D:4:      layout_basic, temple_doors_e, fedhas_altar_2, uniq_ijyb, uniq_duvessa
D:5:      layout_basic, fiery_altar_vehumet, serial_shops,
          nicolae_shop_behind_doors, lemuel_flamethrower_1
D:6:      layout_rooms, chequers_temple_overflow_statue_of_worship,
          marbit_many_paths, lightli_sewer_entry_pipes, uniq_eustachio,
          uniq_edmund
Temple:   oiseaux_autumnal_temple

Skill      XL: |  1  2  3  4  5  6  7 |
---------------+----------------------+-----
Stealth        | 3 4 5 |  5.0
Dodging        | 3 4 5 |  5.0
Conjurations   | 2 3 4 6 |  6.4
Spellcasting   | 5 |  5.0
Translocations | 2 3 |  3.0
Hexes          | 1 |  1.7
Fire Magic     | 1 |  1.4
Summonings     | |  1.1

Action                   |  1- 3 |  4- 6 |  7- 9 || total
-------------------------+-------+-------+-------++-------
Melee: Dagger            |     1 |     5 |       ||     6
 Cast: Magic Dart        |   100 |   259 |    72 ||   431
       Blink             |       |    12 |     1 ||    13
       Conjure Flame     |       |     1 |       ||     1
Evoke: Wand              |       |       |     2 ||     2
  Use: Scroll            |       |       |     6 ||     6
Armor: Robe              |     1 |    11 |     5 ||    17
Dodge: Dodged            |     9 |    65 |    31 ||   105

Table legend: (Time is in decaauts)
 A = Elapsed time spent in this place.
 B = Non-inter-level travel time spent in this place.
 C = Inter-level travel time spent in this place.
 D = Time resting spent in this place.
 E = Time spent auto-exploring this place.
 F = Levels seen in this place.
 G = Mean time per level.
                   A        B        C        D        E       F      G
               +--------+--------+--------+--------+--------+-----+--------+
         Total |   6212 |   6048 |    164 |    404 |   4513 |   7 |  887.4 |
       Dungeon |   5935 |   5800 |    135 |    404 |   4272 |   6 |  989.2 |
        Temple |    276 |    247 |     29 |      0 |    241 |   1 |  276.0 |
               +--------+--------+--------+--------+--------+-----+--------+

Top non-repeatable levels by time:
     D:4: 1664 daAuts
     D:3: 1310 daAuts
     D:5: 1156 daAuts
     D:2: 952 daAuts
     D:1: 806 daAuts
  Temple: 276 daAuts
     D:6: 45 daAuts
